 Dungeon Crawl Stone Soup version 0.28.0-53-g5a82cb258f (webtiles) character file.

Game seed: 9673006079001843921

72 pkoi the Charlatan (level 3, -5/28 HPs)
             Began as a Demigod Artificer on June 2, 2022.
             Slain by a gnoll
             ... wielding a +0 halberd
              (9 damage)
             ... on level 2 of the Dungeon.
             The game lasted 00:03:20 (4200 turns).

pkoi the Charlatan (Demigod Artificer)              Turns: 4200, Time: 00:03:21

Health: -5/28      AC:  5    Str: 13    XL:     3   Next: 82%
Magic:  5/5        EV: 11    Int: 17    God:
Gold:   92         SH:  0    Dex: 14    Spells: 2/2 levels left

rFire   . . .      SeeInvis .   g - +0 dagger
rCold   . . .      Faith    .   (no shield)
rNeg    . . .      Spirit   .   b - +0 leather armour
rPois   .          Reflect  .   o - +0 helmet
rElec   .          Harm     .   (no cloak)
rCorr   .          Rampage  .   f - +0 pair of gloves
Will    .....                   (no boots)
Stlth   +.........              (no amulet)
HPRegen 0.09/turn               (no ring)
MPRegen 0.09/turn               (no ring)

@: no status effects
A: high MP 1, forlorn, divine attributes
a: no special abilities


You were on level 2 of the Dungeon.
You visited 1 branch of the dungeon, and saw 3 of its levels.

You collected 92 gold pieces.

Inventory:

Hand Weapons
 a - a +0 club
 g - a +0 dagger (weapon)
Armour
 b - a +0 leather armour (worn)
 f - a +0 pair of gloves (worn)
 o - a +0 helmet (worn)
Jewellery
 l - a ring of positive energy
 q - an amulet of regeneration
Wands
 c - a wand of flame (10) (quivered)
 d - a wand of charming (15)
Scrolls
 h - a scroll of teleportation
Potions
 i - a potion of might
 k - a potion of attraction
Miscellaneous
 e - a piece from Xom's chessboard (12/15)


   Skills:
 + Level 1.2 Fighting
 - Level 1.7 Armour
 + Level 1.2 Dodging
 - Level 0.8 Stealth
 + Level 4.3 Evocations


You had 2 spell levels left.
You didn't know any spells.
Your spell library contained the following spells:

 Spells                   Type           Power      Damage    Failure   Level
 Sublimation of Blood     Necr           0%         N/A       41%         2
 Petrify                  Tmut/Erth      0%         N/A       96%         4
 Irradiate                Conj/Tmut      0%         3d13      100%        5


Dungeon Overview and Level Annotations

Branches:
Dungeon (3/15)


Innate Abilities, Weirdness & Mutations

You have an increased reservoir of magic. (+10% MP)
You shall have no god before yourself.
Your divine heritage dramatically boosts your attributes as you level up.


Message History

No target in view!
No target in view!
You see here a giant cockroach corpse.
Done exploring.
Done exploring.
No target in view!
(D) Dungeon
Where to? (Enter - D:2, ? - help)
There is a stone staircase leading down here.
You climb downwards.
The gnoll shouts! x3; You hear an angry hiss.
There is a stone staircase leading up here.
There are monsters nearby!
Unknown command.
The gnoll barely misses you.
You climb upwards.
There is a stone staircase leading down here.
You closely miss the gnoll. The gnoll closely misses you.
You hit the gnoll.
The gnoll is lightly wounded.
The gnoll closely misses you.
You hit the gnoll.
The gnoll is moderately wounded.
The gnoll hits you with a +0 halberd!
Ouch! That really hurt!
* * * LOW HITPOINT WARNING * * *
You hit the gnoll.
The gnoll is moderately wounded.
The gnoll barely misses you.
You hit the gnoll but do no damage.
The gnoll is moderately wounded.
The gnoll hits you with a +0 halberd!
* * * LOW HITPOINT WARNING * * *
Aiming: Throw Flame
Press: ? - help, Shift-Dir - straight line, f - gnoll
Aim: a gnoll, wielding a +0 halberd (moderately wounded, 77% to hit)
The puff of flame hits the gnoll!
The gnoll is almost dead.
The gnoll hits you with a +0 halberd!
You die...

...........##.##.###### #.#
.#######..###.##.# #†# ....##
#..###.##.#### #.#
.....###......##..>.########.####
......###.###.##................#
......# #.###.##.......#..##.##.#
......###.................##)##.#
......................^..........
#...#########.##@.....#####..##..
##.## #..#g.....# #..##.. #.#
#######..#......# #...... #.#
#.............#.# #..###. #.#
#.#.............#####..# #. #.#
#.#...........#........# #.
#.####.#...##.####.#.######.# #.
#......#...##.####.#.# #.# #.
########.............######.# #.


You could see a gnoll.

Vanquished Creatures
  3 adders
  A worm (D:2)
  2 dart slugs
  3 bats
  3 endoplasms
  3 giant cockroaches
  6 goblins
  A hobgoblin (D:1)
  4 quokkas
  5 ball pythons
  A frilled lizard (D:1)
  2 kobolds
  3 rats
37 creatures vanquished.

Notes
Turn   | Place    | Note
-------+----------+-------------------------------------------
     0 | D:1      | pkoi the Demigod Artificer began the quest for the Orb.
     0 | D:1      | Reached XP level 1. HP: 15/15 MP: 3/3
   399 | D:1      | Reached skill level 3 in Evocations
   543 | D:1      | Reached XP level 2. HP: 18/22 MP: 4/4
  2194 | D:1      | Reached skill level 4 in Evocations
  2194 | D:1      | Reached XP level 3. HP: 6/27 MP: 5/5
  3257 | D:2      | Reached skill level 1 in Fighting
  3325 | D:2      | Reached skill level 1 in Dodging
  4200 | D:2      | Slain by a gnoll

Illustrated notes

Levels and vault maps discovered:
D:1:      ncdulo_watergridlock, layout_loops_ring,
          hellmonk_ecumenical_altar_blasted
D:2:      layout_loops_ring
D:3:      layout_basic, mainiacjoe_overflow_24_doors

Skill      XL: |  1  2  3 |
---------------+----------+-----
Evocations     | 3 4 |  4.3
Fighting       | 1 |  1.2
Dodging        | 1 |  1.2
Armour         | |  1.7
Stealth        | |  0.8

Action                   || total
-------------------------++-------
Melee: Club              ||    28
       Dagger            ||   177
       Punch             ||     3
Evoke: Piece from Xom's  ||     5
       Wand              ||     5
  Use: Scroll            ||     3
       Potion            ||     5
 Stab: Sleeping          ||     2
Armor: Leather armour    ||    61
Dodge: Dodged            ||   141
